Description

Build 5 Rax and marines until supply 70, then attack

Replay -

Build Order

Get SALT Encoding   

  13  0:02  SCV  
  14  0:14  SCV  
  15  0:25  Supply Depot  
  16  0:26  SCV  
  16  0:46  SCV  
  17  0:50  Barracks  
  17  0:59  SCV  
  17  1:08  Supply Depot  
  17  1:30  Barracks  
  17  1:32  Barracks  
  17  1:36  Barracks  
  17  1:39  Barracks  
  17  2:42  Supply Depot  
  18  3:00  Marine x10  
  28  3:04  Supply Depot  
  38  4:19  Marine x10  
  38  4:28  Supply Depot, Marine x11  
  51  4:42  Supply Depot  
  52  4:45  Marine x2  
  54  4:46  Marine x3  
  57  5:03  Marine x2  
Spawning Tool Build Advisor. Get it on Overwolf

Go to:

Details

  • Created by: Marik1110
  • Published on: Jun 07, 2020
  • Modified on: Jun 07, 2020
  • Patch: 4.11.0
  • Difficulty: Easy
Show
View Real Time Build Order
Export as new Build Order

Comments (0)

There are no comments. Be the first!

Create an account to comment!